 Dungeon Crawl Stone Soup version 0.18.1-48-g4cf74bf (webtiles) character file.

81 Inkary the Skirmisher (level 4, -9/40 HPs)
             Began as a Draconian Fighter on July 31, 2016.
             Killed by divine providence
             ... invoked by an orc priest
              (13 damage)
             ... on level 3 of the Dungeon.
             The game lasted 00:03:07 (1362 turns).

Inkary the Skirmisher (Draconian Fighter)           Turns: 1362, Time: 00:03:07

Health: -9/40      AC:  5    Str: 18    XL:     4   Next: 20%
Magic:  4/4        EV: 10    Int:  9    God:
Gold:   111        SH:  9    Dex: 11    Spells: 0 memorised, 3 levels left

rFire  . . .     SeeInvis .     l - +0 whip (venom)
rCold  . . .     Gourm    .     (armour unavailable)
rNeg   . . .     Faith    .     b - +0 shield
rPois  .         Spirit   .     (helmet restricted)
rElec  .         Dismiss  .     (no cloak)
rCorr  .         Reflect  .     (no gloves)
SustAt .         Harm     .     (no boots)
MR     .....                    i - amulet of rage
Stlth  +.........               (no ring)
                                (no ring)

@: lethally poisoned (-9 -> -11), not resistant to hostile enchantments, very
unstealthy
A: unfitting armour, cold-blooded, AC +5
a: Evoke Berserk Rage


You were on level 3 of the Dungeon.
You were not hungry.

You visited 1 branch of the dungeon, and saw 3 of its levels.

You collected 111 gold pieces.

Inventory:

Hand Weapons
 l - a +0 whip of venom (weapon)
Armour
 b - a +0 shield (worn)
Jewellery
 i - an amulet of rage (around neck)
 m - an uncursed ring of see invisible {unknown}
Scrolls
 a - a scroll of enchant armour {unknown}
 e - 3 scrolls of remove curse {unknown}
 f - a scroll of noise {unknown}
 h - a scroll of teleportation {unknown}
 j - a scroll of identify {unknown}
 k - a scroll of enchant weapon {unknown}
 n - a scroll of random uselessness {unknown}
 o - a scroll of amnesia {unknown}
 p - a scroll of fog {unknown}
Potions
 c - 2 potions of might
 g - a potion of brilliance {unknown}
Comestibles
 d - a bread ration
 q - 3 chunks of flesh


   Skills:
 + Level 4.2 Fighting
 + Level 3.1 Maces & Flails
 - Level 2.6 Dodging
 + Level 3.6 Shields


You had 3 spell levels left.
You didn't know any spells.

Dungeon Overview and Level Annotations

Branches:
Dungeon (3/15)

Altars:
Gozag
Nemelex Xobeh


Innate Abilities, Weirdness & Mutations

Your plain brown scales are hard (AC +5).
Your body does not fit into most forms of armour.
You are cold-blooded and may be slowed by cold attacks.


Message History

The orc wizard is poisoned.
You feel sick. The kobold closely misses you.
You block the crimson imp's attack. You block the bat's attack.
The orc wizard hits you with a dagger.
You hit the orc wizard.
The orc wizard is heavily wounded.
You block the bat's attack. The orc hits you with a hand axe.
* * * LOW HITPOINT WARNING * * *
You block the kobold's attack.
The orc wizard hits you but does no damage.
The crimson imp hits you but does no damage.
You are too injured to fight recklessly!
The bat misses you.
The orc wizard hits you but does no damage.
The orc wizard casts a spell at you. The magic dart hits you!
* * * LOW HITPOINT WARNING * * *
Unknown command.
The orc priest mumbles some strange prayers to Beogh against you.
Beogh smites you!
You die...

.#......#
........####
...........##
............##
.............#
......r..(...#
......K(5....#
.....ooo.b...#
......oo.@<..#
.............#
.....?......##
.....#.)...##
...#########
.>.


You could see an orc priest, an orc wizard, a crimson imp, 3 orcs, a bat, a
kobold and a rat.

Vanquished Creatures
  3 adders
  An ooze (D:2)
  A worm (D:2)
  3 dart slugs
  2 giant geckos
  A giant cockroach (D:2)
  5 goblins
  4 hobgoblins
  3 jackals (D:2)
  5 kobolds
  3 bats (D:1)
  4 giant newts (D:2)
  4 rats
39 creatures vanquished.

Notes
Turn   | Place    | Note
--------------------------------------------------------------
     0 | D:1      | Inkary the Draconian Fighter began the quest for the Orb.
     0 | D:1      | Reached XP level 1. HP: 19/19 MP: 1/1
   231 | D:1      | Reached XP level 2. HP: 19/26 MP: 2/2
   756 | D:2      | Reached XP level 3. HP: 26/33 MP: 3/3
   876 | D:2      | Found an opulent altar of Gozag.
   876 | D:2      | Found a sparkling altar of Nemelex Xobeh.
   900 | D:2      | Reached skill level 4 in Fighting
  1271 | D:2      | Reached XP level 4. HP: 38/40 MP: 4/4
  1362 | D:3      | Killed from afar by an orc priest

Skill      XL: |  1  2  3 |
---------------+----------+-----
Fighting       | 4 |  4.2
Maces & Flails | 3 |  3.1
Dodging        | |  2.6
Shields        | |  3.6

Action                   |  1- 3 |  4- 6 || total
-------------------------+-------+-------++-------
Melee: Flail             |    56 |       ||    56
       Whip              |    67 |    21 ||    88
       Tailslap          |    10 |     3 ||    13
 Stab: Sleeping          |     1 |       ||     1
  Eat: Chunk             |     1 |     1 ||     2
Armor: Skin              |    36 |    15 ||    51
Dodge: Dodged            |    53 |    13 ||    66
Block: Shield            |    55 |    14 ||    69
